 Dungeon Crawl Stone Soup version 0.29.0-4-gdea44cf6ec (webtiles) character file.

Game seed: 9414049224770990050

76 PieDemon the Trooper (level 4, 0/41 HPs)
             Began as a Minotaur Fighter on Aug 27, 2022.
             Slain by an orc
             ... wielding a +0 hand axe
              (2 damage)
             ... on level 3 of the Dungeon.
             The game lasted 00:01:48 (2071 turns).

PieDemon the Trooper (Minotaur Fighter)             Turns: 2071, Time: 00:01:48

Health: 0/41       AC: 11    Str: 23    XL:     4   Next: 12%
Magic:  3/3        EV:  6    Int:  5    God:
Gold:   141        SH:  4    Dex:  9    Spells: 3/3 levels left

rFire   . . .      SeeInvis .   a - +0 war axe
rCold   . . .      Faith    .   c - +0 buckler
rNeg    . . .      Spirit   .   k - +0 plate armour
rPois   .          Reflect  .   (helmet restricted)
rElec   .          Harm     .   (no cloak)
rCorr   .          Rampage  .   (no gloves)
Will    .....                   (no boots)
Stlth   ..........              (no amulet)
HPRegen 0.13/turn               (no ring)
MPRegen 0.08/turn               (no ring)

@: no status effects
A: horns 2, retaliatory headbutt
a: no special abilities


You were on level 3 of the Dungeon.
You visited 1 branch of the dungeon, and saw 3 of its levels.

You collected 141 gold pieces.

Inventory:

Hand Weapons
 a - a +0 war axe (weapon)
 l - a +0 whip
Armour
 b - a +0 scale mail
 c - a +0 buckler (worn)
 k - a +0 plate armour (worn)
Jewellery
 i - a +6 ring of dexterity
Scrolls
 f - a scroll of immolation {unknown}
 j - a scroll of acquirement {unknown}
 m - a scroll of magic mapping {unknown}
 o - a scroll of poison {unknown}
 q - a scroll of vulnerability {unknown}
Potions
 d - 2 potions of might
 e - 2 potions of mutation {unknown}
 g - 2 potions of flight {unknown}
 h - a potion of invisibility {unknown}
 n - a potion of lignification {unknown}
 p - 2 potions of heal wounds {unknown}


   Skills:
 + Level 4.3 Fighting
 * Level 4.2 Axes
 + Level 4.0 Armour
 - Level 4.0 Shields


You had 3 spell levels left.
You didn't know any spells.
Your spell library contained the following spells:

 Spells                   Type           Power      Damage    Failure   Level
 Sandblast                Erth           0%         2d4       100%        1
 Slow                     Hex            0%         N/A       100%        1
 Passwall                 Tmut/Erth      0%         N/A       100%        2
 Confusing Touch          Hex            0%         N/A       100%        3
 Stone Arrow              Conj/Erth      0%         3d7       100%        3
 Vampiric Draining        Necr           0%         2d6       100%        3


Dungeon Overview and Level Annotations

Branches:
Dungeon (3/15)

Altars:
Zin


Innate Abilities, Weirdness & Mutations

You have a pair of horns on your head.
You reflexively headbutt those who attack you in melee.


Message History

The orc hits you from afar with a +0 trident.
The orc hits you with a +0 mace.
* * * LOW HITPOINT WARNING * * *
The kobold hits you with a +0 short sword.
* * * LOW HITPOINT WARNING * * *
You block the orc's attack.
Your Armour skill increases to level 4!
You are too injured to fight recklessly!
Unknown command.
Okay, then.
You hit the orc but do no damage. Your headbutt misses the orc.
The orc is heavily wounded.
You hit the orc but do no damage. You closely miss the kobold.
You feel sick. You block the kobold's attack. You block the orc's attack.
The orc hits you but does no damage. x2
Unknown command.
Unknown command.
You slash the kobold!
You kill the kobold!
You closely miss the orc. You hit the orc.
You kill the orc!
You feel sick. The orc hits you with a +0 hand axe.
* * * LOW HITPOINT WARNING * * *
The orc hits you from afar with a +0 trident.
* * * LOW HITPOINT WARNING * * *
Unknown command.
You closely miss the orc.
The orc is almost dead.
* * * LOW HITPOINT WARNING * * *
You feel sick.
You are no longer poisoned.
The orc closely misses you. You block the orc's attack.
The orc hits you but does no damage. You block the orc's attack.
You barely miss the orc.
The orc is severely wounded.
The orc hits you but does no damage. x2
You closely miss the orc.
The orc is severely wounded.
The orc hits you with a +0 hand axe.
You die...

#####
##8.8##
#..<@o#
#....)).#
#...###.o.#
#8.8# #8.8#
##.# #+##
... ###


You could see 2 orcs.

Vanquished Creatures
  A hound (D:2)
  A worm (D:2)
  2 orcs (D:3)
  A ball python (D:2)
  3 bats
  5 endoplasms
  3 giant cockroaches
  A goblin (D:2)
  9 hobgoblins
  2 kobolds
  2 quokkas
  2 frilled lizards (D:2)
  5 rats (D:1)
37 creatures vanquished.

Notes
Turn   | Place    | Note
-------+----------+-------------------------------------------
     0 | D:1      | PieDemon the Minotaur Fighter began the quest for the Orb.
     0 | D:1      | Reached XP level 1. HP: 19/19 MP: 0/0
   298 | D:1      | Reached XP level 2. HP: 27/27 MP: 1/1
  1334 | D:2      | Reached XP level 3. HP: 28/33 MP: 2/2
  1766 | D:2      | Found a faded altar of an unknown god.
  1846 | D:2      | Reached XP level 4. HP: 40/40 MP: 3/3
  1849 | D:2      | Found a glowing silver altar of Zin.
  2068 | D:3      | HP: 2/41 [orc/+0 trident (1)]
  2071 | D:3      | Slain by an orc

Illustrated notes

Levels and vault maps discovered:
D:1:      dpeg_arrival_rhombus, layout_basic, minmay_pentomino_t4
D:2:      layout_basic, ebering_ecumenical_altar_webs, basic_altar,
          nicolae_underground_beach
D:3:      layout_loops_corners, mainiacjoe_overflow_24_doors,
          nicolae_overflow_ecumenical_swirl, grunt_ministairs_8

Skill      XL: |  1  2  3  4 |
---------------+-------------+-----
Axes           | 3 4 |  4.2
Shields        | 4 |  4.0
Fighting       | 4 |  4.3
Armour         | 4 |  4.0

Action                   |  1- 3 |  4- 6 || total
-------------------------+-------+-------++-------
Melee: War axe           |    75 |    12 ||    87
       Headbutt          |    14 |       ||    14
Armor: Scale mail        |    15 |       ||    15
       Plate armour      |    25 |    12 ||    37
Dodge: Dodged            |    21 |     5 ||    26
Block: Buckler           |    19 |     8 ||    27
